 Dungeon Crawl Stone Soup version 0.31.0-11-ge490571c62 (webtiles) character file.

Game seed: 4983168130025781072

0 monsoonserge the Sneak (level 1, -4/11 HPs)
             Began as a Spriggan Delver on Jan 30, 2024.
             Slain by an ice beast (13 damage)
             ... on level 4 of the Dungeon.
             The game lasted 00:00:57 (110 turns).

monsoonserge the Sneak (Spriggan Delver)             Turns: 110, Time: 00:01:00

Health: -4/11      AC:  2    Str:  8    XL:     1   Next: 0%
Magic:  2/2        EV: 17    Int: 11    God:
Gold:   20         SH:  0    Dex: 16    Spells: 0/0 levels left

rFire   . . .        a - +0 short sword
rCold   . . .        (no shield)
rNeg    . . .        b - +0 robe
rPois   .            (helmet restricted)
rElec   .            (no cloak)
rCorr   .            (gloves unavailable)
SInv    +            (boots unavailable)
Will    .....        (no amulet)
Stlth   ++++         (no ring)
HPRegen 0.21/turn    (no ring)
MPRegen 0.08/turn

%: no passive effects
@: very quick
A: very small, no large weapons, unfitting armour, see invisible, speed 3
a: no special abilities


You were on level 4 of the Dungeon.
You visited 1 branch of the dungeon, and saw 2 of its levels.

You collected 20 gold pieces.

Inventory:

Hand Weapons
 a - a +0 short sword (weapon)
Armour
 b - a +0 robe (worn)
Wands
 g - a wand of digging (3)
Scrolls
 c - a scroll of fog
 d - a scroll of revelation
 e - a scroll of fear
Potions
 f - a potion of haste


   Skills:
 + Level 2.4 Fighting
 * Level 2.1 Short Blades
 + Level 2.6 Dodging
 + Level 7.2 Stealth


You couldn't memorise any spells.
You didn't know any spells.
Your spell library was empty.

Dungeon Overview and Level Annotations

Branches:
Dungeon (5/15)
 Temple: D:4-7

Altars:
Fedhas
Kikubaaqudgha


Innate Abilities, Weirdness & Mutations

You are very small and have problems with some larger weapons.
You are too small for most types of armour.
You have supernaturally acute eyesight. (SInv)
You cover ground extremely quickly. (Speed+++)


Message History

The orc wizard flickers and vanishes for a moment.
You hear a shout!
The orc warrior shouts!
An orc wizard comes into view. It is wielding a +0 dagger.
Found a stone staircase leading up.
Found a book of Cantrips.
There is a stone staircase leading up here.
You climb upwards.
Found 20 gold pieces.
There is a stone staircase leading down here.
Setting a skill training target for Short Blades at 10.0.
You now have 20 gold pieces.
Found an ancient bone altar of Kikubaaqudgha and a blossoming altar of Fedhas.
An ice beast comes into view.
An iguana comes into view.
The iguana hisses angrily.
The ice beast barely misses you.
An orc comes into view. It is wielding a +0 club.
A kobold and 2 orcs come into view.
The kobold shouts!
The orc shouts!
You hear a shout!
You hear an angry hiss.
An orc comes into view. It is wielding a +0 mace.
An orc wizard comes into view. It is wielding a +0 dagger.
The kobold barely misses you. The kobold attacks as it pursues you!
The kobold misses you. The kobold misses you.
You barely miss the kobold. The kobold closely misses you.
The orc shouts!
You hit the kobold but do no damage. Your punch misses the kobold.
You hear an angry hiss. x2
The kobold hits you but does no damage.
You hit the kobold.
The kobold is severely wounded.
An adder comes into view.
The adder hisses angrily.
You hit the kobold.
You kill the kobold!
You hear a shout!
The ice beast hits you. The ice beast freezes you!
Ouch! That really hurt!
You die...

# .## #####S..###
#.@oo......
#Y###o..### #.#
.## #.# o#
#.####.#
#####.##...#
#........#
#.#####..#######.#
#..Y.......#.


You could see an ice beast, an adder and 3 orcs.

Vanquished Creatures
  A kobold (D:4)
1 creature vanquished.

Notes
Turn   | Place    | Note
-------+----------+-------------------------------------------
     0 | D:5      | monsoonserge the Spriggan Delver began the quest for the
                  | Orb.
     0 | D:5      | Reached XP level 1. HP: 11/11 MP: 2/2
     4 | D:5      | Noticed a jelly
     8 | D:5      | Noticed an orc wizard
    24 | D:5      | Noticed an orc warrior
    27 | D:5      | Noticed an orc wizard
    64 | D:4      | Found an ancient bone altar of Kikubaaqudgha.
    64 | D:4      | Found a blossoming altar of Fedhas.
    87 | D:4      | Noticed an ice beast
    89 | D:4      | Noticed an iguana
   102 | D:4      | Noticed an orc wizard
   110 | D:4      | Slain by an ice beast

Illustrated notes

Levels and vault maps discovered:
D:4:      layout_loops_ring, grunt_temple_overflow_growth_and_decay
D:5:      layout_cave_pools

Action                     || total
---------------------------++-------
  Melee: Short sword       ||     4
 Armour: Robe              ||     2
  Dodge: Dodged            ||     5
